 Dungeon Crawl Stone Soup version 0.31.0-11-ge490571c62 (webtiles) character file.

Game seed: 10277209058869469030

18686 ces the Covert (level 12, -8/68 HPs)
             Began as a Spriggan Enchanter on Jan 27, 2024.
             Was an Initiate of Gozag.
             Mangled by a death yak simulacrum (30 damage)
             ... in an ice cave on Jan 28, 2024.
             The game lasted 00:56:52 (17111 turns).

ces the Covert (Spriggan Enchanter)                Turns: 17111, Time: 00:56:53

Health: -8/68      AC:  4    Str:  6 (7)  XL:     12   Next: 29%
Magic:  22/25      EV: 27    Int: 17      God:    Gozag
Gold:   2715       SH:  0    Dex: 20      Spells: 16/27 levels left

rFire   . . .        a - +6 dagger (vamp)
rCold   . . .        (no shield)
rNeg    . . .        b - +2 robe
rPois   .            d - +0 hat "Veapt" {Str+3}
rElec   .            (no cloak)
rCorr   .            (gloves unavailable)
SInv    +            (boots unavailable)
Will    ++...        (no amulet)
Stlth   ++++++       (no ring)
HPRegen 0.31/turn    (no ring)
MPRegen 0.19/turn

%: no passive effects
@: mighty, very quick
A: very small, no large weapons, unfitting armour, see invisible, speed 3, horns
1, deterioration 1, robust 1, inability to drink after injury 1
a: Renounce Religion, Potion Petition, Call Merchant, Bribe Branch


You were in an ice cave.
You worshipped Gozag.
Gozag was most pleased with you.
You visited 2 branches of the dungeon, and saw 13 of its levels.
You also visited: Ice Cave.

You collected 2937 gold pieces.
You spent 180 gold pieces at shops.
You paid 42 gold pieces to Gozag.

Inventory:

Hand Weapons
 a - a +6 vampiric dagger (weapon)
 f - a +1 dagger
Armour
 b - a +2 robe (worn)
 d - the +0 hat "Veapt" (worn) {Str+3}
   (You acquired it on level 2 of the Dungeon)

   Str+3:     It affects your strength (+3).
Jewellery
 h - an amulet of the acrobat
 j - a ring of ice
 m - a ring of protection from fire
 r - a +6 ring of intelligence
 y - a +6 ring of dexterity
 F - a ring of protection from cold
 N - a +6 ring of strength
 P - a ring of willpower
Wands
 t - a wand of iceblast (11)
 u - a wand of flame (40)
 C - a wand of polymorph (5)
 I - a wand of mindburst (6)
 K - a wand of light (5)
Scrolls
 g - 2 scrolls of revelation
 k - a scroll of fog
 n - a scroll of fear {unknown}
 o - a scroll of poison
 p - 5 scrolls of teleportation
 q - a scroll of amnesia {unknown}
 s - 2 scrolls of enchant armour
 x - a scroll of torment {unknown}
 B - 2 scrolls of vulnerability {unknown}
 E - 2 scrolls of identify
 H - a scroll of summoning {unknown}
 M - a scroll of blinking
 O - a scroll of immolation {unknown}
Potions
 c - a potion of enlightenment
 e - 3 potions of brilliance
 i - 3 potions of lignification
 l - 8 potions of curing
 v - 3 potions of might
 w - 2 potions of heal wounds
 z - 2 potions of haste
 A - 2 potions of degeneration {unknown}
 D - a potion of magic
 G - a potion of attraction
 J - 2 potions of invisibility
 L - a potion of cancellation {unknown}


   Skills:
 + Level 6.4 Fighting
 - Level 9.9 Short Blades
 * Level 11.6 Dodging
 - Level 13.9 Stealth
 - Level 8.1 Spellcasting
 - Level 4.5 Conjurations
 - Level 9.3 Hexes
 - Level 1.0 Ice Magic


You had 16 spell levels left.
You knew the following spells:

 Your Spells              Type           Power      Damage    Failure   Level
a - Ensorcelled Hibernat  Hex/Ice        48%        N/A       1%          2
b - Confusing Touch       Hex            38%        N/A       1%          3
c - Tukima's Dance        Hex            38%        N/A       1%          3
d - Dazzling Flash        Conj/Hex       60%        N/A       1%          3

Your spell library contained the following spells:

 Spells                   Type           Power      Damage    Failure   Level
 Freeze                   Ice            40%        1d6       7%          1
 Hailstorm                Conj/Ice       16%        3d6       10%         3
 Frozen Ramparts          Ice            20%        1d4       21%         3
 Passwall                 Erth           6%         N/A       30%         3
 Swiftness                Air            6%         N/A       30%         3


Dungeon Overview and Level Annotations

Branches:
Dungeon (12/15)            Temple (1/1) D:5            Lair (0/5) D:8
    Orc (0/2) D:9           IceCv (1/1)

Altars:
Ashenzari
Cheibriados
Dithmenos
Elyvilon
Fedhas
Gozag
Hepliaklqana
Kikubaaqudgha
Makhleb
Nemelex Xobeh
Okawaru
Qazlal
Ru
Sif Muna
Trog
Uskayaw
Vehumet
Wu Jian
Xom
Yredelemnul
Zin
The Shining One

Shops:
D:2 (   D:4 !

Annotations:
D:2 Terence
D:5 exclusion: oklob plant
D:6 1 runed translucent door, Crazy Yiuf, Grinder


Innate Abilities, Weirdness & Mutations

You are very small and have problems with some larger weapons.
You are too small for most types of armour.
You have supernaturally acute eyesight. (SInv)
You cover ground extremely quickly. (Speed+++)
You have a pair of small horns on your head.
Your body sometimes deteriorates upon taking damage.
You are robust. (+10% HP)
You occasionally lose the ability to drink potions when taking damage.


Message History

You hit the elephant simulacrum.
The elephant simulacrum is lightly damaged.
The elephant simulacrum tramples you!
You stumble backwards!
Casting: Dazzling Flash (safe; 1% risk of failure)
Confirm with . or Enter, or press ? or * to list all spells.
You can't see any susceptible monsters within range! (Use Z to cast anyway.) Unknown command.
Okay, then.
You feel very mighty all of a sudden.
The death yak simulacrum is distracted by your dazzling golden aura.
The elephant simulacrum is distracted by your dazzling golden aura.
You catch the helpless elephant simulacrum completely off-guard!
You skewer the elephant simulacrum like a kebab!!!
The elephant simulacrum vaporises!
You hit the death yak simulacrum.
The death yak simulacrum is no longer distracted by gold.
You headbutt the death yak simulacrum.
The death yak simulacrum is lightly damaged.
You puncture the death yak simulacrum!
You headbutt the death yak simulacrum, but do no damage.
The death yak simulacrum is heavily damaged.
The death yak simulacrum gores you. The death yak simulacrum freezes you!!
* * * LOW HITPOINT WARNING * * *
Your body deteriorates!
You feel weakened.
You are too injured to fight recklessly!
You feel much better.
Aiming: Throw Flame
Press: ? - help, Shift-Dir - straight line, f - death yak simulacrum
Aim: a death yak simulacrum (heavily damaged, 100% to hit)
The puff of flame hits the death yak simulacrum.
The death yak simulacrum melts!
The death yak simulacrum is heavily damaged.
Aiming: Throw Flame
Press: ? - help, Shift-Dir - straight line, f/p - death yak simulacrum
Aim: a death yak simulacrum (heavily damaged, 100% to hit)
The puff of flame hits the death yak simulacrum but does no damage.
The death yak simulacrum is heavily damaged.
The death yak simulacrum gores you!! The death yak simulacrum freezes you!!
You die...
Your body crumbles into a pile of gold.

#####
##.@.##
##..∩Z.##
#.......#
#...$...#
##.....##
##...##
#...#
#$.$##
#...#


You could see a death yak simulacrum.

Vanquished Creatures
  Snorg (D:12)
  A boulder beetle (D:11)
  4 two-headed ogres
  Urug (D:11)
  Pikel (D:6)
  A cyclops (D:12)
  An ugly thing (D:11)
  Joseph (D:10)
  3 gargoyles
  A kobold demonologist (D:10)
  2 ice devils (D:12)
  4 trolls
  3 hornets
  Sigmund (D:4)
  3 shadows
  18 yaks
  3 wyverns
  2 wraiths (D:10)
  A warg (D:9)
  A vampire mosquito (D:10)
  An acid dragon (D:12)
  3 water moccasins
  5 sky beasts (D:7)
  3 ice beasts
  3 orc warriors
  2 black bears (D:7)
  3 hornet zombies (D:7)
  4 centaurs
  4 kobold brigands
  2 bullfrogs (D:9)
  A gnoll sergeant (D:9)
  A wyvern zombie (D:7)
  6 wights
  11 killer bees (D:9)
  2 elephant simulacra (IceCv)
  6 howler monkeys
  2 bombardier beetles
  3 centaur zombies (D:7)
  4 hounds (D:5)
  4 jellies
  3 gnoll boudas
  9 orc priests
  Ijyb (D:4)
  A sleepcap (D:6)
  3 iguanas (D:5)
  9 orc wizards
  4 killer bee zombies (D:7)
  A wolf simulacrum (IceCv)
  A howler monkey zombie (D:7)
  Robin (D:3)
  7 gnolls
  10 adders
  2 white imps (D:5)
  3 ufetubi
  A dart slug (D:1)
  5 ribbon worms
  30 orcs
  6 bats
  14 endoplasms
  A giant cockroach (D:3)
  19 goblins
  8 hobgoblins
  9 jackals
  2 quokkas
  8 ball pythons
  3 frilled lizards
  18 kobolds
  7 rats
309 creatures vanquished.

Vanquished Creatures (collateral kills)
  An orc warrior (D:10)
  8 wights
  4 gnolls
  2 orcs
  2 kobolds (D:7)
17 creatures vanquished.

Vanquished Creatures (others)
  A two-headed ogre (D:10)
  An unseen horror (D:10)
  9 dancing weapons
  A wyvern (D:10)
  A wight (D:10)
  A howler monkey (D:10)
  A hound (D:6)
  An orc (D:6)
16 creatures vanquished.

Grand Total: 342 creatures vanquished

Notes
Turn   | Place    | Note
-------+----------+-------------------------------------------
     0 | D:1      | ces the Spriggan Enchanter began the quest for the Orb.
     0 | D:1      | Reached XP level 1. HP: 9/9 MP: 5/5
   223 | D:1      | Reached skill level 5 in Stealth
   317 | D:1      | Reached XP level 2. HP: 10/13 MP: 6/6
   388 | D:1      | Learned a level 2 spell: Ensorcelled Hibernation
   552 | D:1      | Reached skill level 6 in Stealth
   688 | D:1      | Reached XP level 3. HP: 16/16 MP: 8/8
   885 | D:2      | Found Voqarul's Weapon Shoppe.
  1010 | D:2      | Noticed Terence
  1157 | D:2      | Identified a scroll of acquirement
  1159 | D:2      | Acquired the +0 hat "Veapt" {Str+3}
  1347 | D:2      | Learned a level 3 spell: Confusing Touch
  1349 | D:2      | Found an opulent altar of Gozag.
  1349 | D:2      | Found a bloodstained altar of Trog.
  1349 | D:2      | Found a shimmering altar of Xom.
  1349 | D:2      | Found a shimmering altar of Xom.
  1349 | D:2      | Found a stormy altar of Qazlal.
  1349 | D:2      | Found a hazy altar of Hepliaklqana.
  1484 | D:2      | Reached XP level 4. HP: 21/21 MP: 9/9
  2122 | D:2      | Reached skill level 1 in Ice Magic
  2122 | D:2      | Reached XP level 5. HP: 24/24 MP: 1/10
  2303 | D:2      | Became a worshipper of Gozag Ym Sagoz the Greedy
  3220 | D:3      | Found a radiant altar of Vehumet.
  3222 | D:3      | Found a shadowy altar of Dithmenos.
  3222 | D:3      | Found a shimmering blue altar of Sif Muna.
  3222 | D:3      | Found a snail-covered altar of Cheibriados.
  3226 | D:3      | Found a hide-covered altar of Uskayaw.
  3488 | D:4      | Noticed Robin
  3647 | D:4      | Reached skill level 7 in Stealth
  4008 | D:3      | Killed Robin
  4653 | D:4      | Reached XP level 6. HP: 29/29 MP: 9/12
  4691 | D:4      | Noticed Ijyb
  4698 | D:4      | Killed Ijyb
  4722 | D:4      | Noticed Sigmund
  4731 | D:4      | Killed Sigmund
  4732 | D:4      | Reached skill level 1 in Fighting
  4732 | D:4      | Reached skill level 8 in Stealth
  4922 | D:4      | Reached XP level 7. HP: 33/33 MP: 4/13
  4942 | D:4      | Found Toateuru's Distillery.
  5011 | D:4      | Bought a potion of mutation for 80 gold pieces
  5011 | D:4      | Bought a potion of heal wounds for 50 gold pieces
  5011 | D:4      | Bought a potion of heal wounds for 50 gold pieces
  5648 | D:4      | Learned a level 3 spell: Tukima's Dance
  5652 | D:4      | Learned a level 3 spell: Dazzling Flash
  5673 | D:5      | Entered Level 5 of the Dungeon
  5851 | D:5      | Gained mutation: You occasionally shout uncontrollably at
                  | your foes. [potion of mutation]
  6082 | D:5      | Reached skill level 9 in Stealth
  6243 | D:5      | Reached skill level 5 in Dodging
  6414 | D:5      | Found a staircase to the Ecumenical Temple.
  6420 | Temple   | Entered the Ecumenical Temple
  6791 | D:5      | Found a blossoming altar of Fedhas.
  6812 | D:5      | Noticed an oklob plant
  6898 | D:5      | Found a white marble altar of Elyvilon.
  6899 | D:5      | Found a glowing silver altar of Zin.
  6899 | D:5      | Found a glowing golden altar of the Shining One.
  7005 | D:5      | Reached skill level 5 in Hexes
  7258 | D:6      | Noticed Pikel
  7264 | D:6      | Killed Pikel
  7265 | D:6      | Reached skill level 10 in Stealth
  7265 | D:6      | Reached skill level 1 in Conjurations
  7265 | D:6      | Reached XP level 8. HP: 39/39 MP: 9/15
  7327 | D:6      | Noticed a two-headed ogre
  7330 | D:6      | Killed a two-headed ogre
  7853 | D:6      | Reached XP level 9. HP: 43/43 MP: 14/17
  7862 | D:6      | Reached skill level 5 in Spellcasting
  7916 | D:6      | Reached skill level 11 in Stealth
  7930 | D:6      | Reached skill level 5 in Short Blades
  8966 | D:6      | Found a runed translucent door.
  8969 | D:6      | Noticed Crazy Yiuf
  9147 | D:6      | Noticed Grinder
  9245 | D:7      | Noticed a troll
  9260 | D:7      | HP: 2/43 [centaur/arrow (9)]
 10223 | D:7      | Killed a troll
 10323 | D:7      | Noticed a two-headed ogre
 10540 | D:7      | Reached XP level 10. HP: 45/49 MP: 17/20
 10581 | D:7      | Killed a two-headed ogre
 10582 | D:7      | Reached skill level 12 in Stealth
 11749 | D:8      | Found a sparkling altar of Nemelex Xobeh.
 11762 | D:8      | Found a staircase to the Lair.
 11851 | D:8      | Found an ornate altar of the Wu Jian Council.
 12847 | D:9      | Reached XP level 11. HP: 49/54 MP: 13/22
 12982 | D:9      | Noticed a two-headed ogre
 12986 | D:9      | Killed a two-headed ogre
 13174 | D:9      | Reached skill level 13 in Stealth
 13320 | D:9      | Found a basalt altar of Yredelemnul.
 13376 | D:9      | Found a staircase to the Orcish Mines.
 13793 | D:10     | Entered Level 10 of the Dungeon
 14197 | D:10     | Found a broken altar of Ashenzari.
 14296 | D:10     | Reached skill level 5 in Fighting
 14433 | D:10     | Killed a two-headed ogre
 14820 | D:10     | Noticed a boulder beetle
 14832 | D:10     | Lost mutation: You occasionally shout uncontrollably at
                  | your foes. [potion of mutation]
 14832 | D:10     | Gained mutation: You occasionally lose the ability to drink
                  | potions when taking damage. [potion of mutation]
 14832 | D:10     | Gained mutation: You are robust. (+10% HP) [potion of
                  | mutation]
 14832 | D:10     | Gained mutation: Your body sometimes deteriorates upon
                  | taking damage. [potion of mutation]
 14832 | D:10     | Gained mutation: You have a pair of small horns on your
                  | head. [potion of mutation]
 15059 | D:10     | Found a sacrificial altar of Ru.
 15154 | D:10     | Noticed Joseph
 15172 | D:10     | Killed Joseph
 15209 | D:10     | Found a shimmering altar of Xom.
 15425 | D:10     | Noticed a two-headed ogre
 15432 | D:10     | Killed a two-headed ogre
 15700 | D:11     | Noticed Urug
 15703 | D:11     | Killed Urug
 15742 | D:11     | Found a gate leading to a gauntlet.
 15759 | D:11     | Noticed a boulder beetle
 15765 | D:11     | Killed a boulder beetle
 15839 | D:11     | Noticed a cyan ugly thing
 15862 | D:11     | Killed a cyan ugly thing
 15863 | D:11     | Reached XP level 12. HP: 58/66 MP: 22/25
 16010 | D:11     | Reached skill level 10 in Dodging
 17062 | D:12     | Found a frozen archway.
 17070 | D:12     | Noticed Snorg
 17073 | D:12     | Killed Snorg
 17082 | IceCv    | Entered an ice cave
 17111 | IceCv    | Mangled by a death yak simulacrum

Illustrated notes

Levels and vault maps discovered:
D:1:      dpeg_arrival_three_smaller_balls, layout_loops_ring,
          serial_park_tiny_1, nicolae_the_louvre
D:2:      cheibrodos_fertilizer, layout_basic, serial_shops,
          nicolae_shop_advertising_works [nicolae_subvault_shop_adworks],
          minmay_small_reverse_x, uniq_terence
D:3:      layout_basic, minitemple
D:4:      layout_cave_pods, serial_shops, nicolae_square_shop,
          patterned_corridor, uniq_robin, uniq_ijyb, uniq_sigmund
D:5:      layout_loops_cross, dreamdust_divine_triumvirate, tgw_fedhas,
          minmay_temple_entry_butterflies
D:6:      layout_basic, serial_glass, glass_columns_a, glass_columns_a,
          glass_columns_a, glass_columns_a, glass_columns_c, glass_columns_a,
          uniq_grinder, uniq_crazy_yiuf_cottage, uniq_pikel
D:7:      hangedman_cross_stitches, layout_basic, serial_undead,
          serial_undead_f, serial_undead_a, serial_undead_a, serial_undead_a,
          serial_undead_f, serial_undead_d, nrook_campfire, minivault_5
D:8:      kennysheep_windowed_halls, layout_rooms, lemuel_round_altar,
          mainiacjoe_overflow_catwalk, lair_entry_dummy
D:9:      layout_basic, kennysheep_mini, erik_orc_3
D:10:     layout_roguey, xom_confusion_cloud, hangedman_ru_absence,
          evilmike_ruin_ashenzari, minmay_sticks_and_stones
D:11:     layout_basic, gauntlet_entry_generic, uniq_urug
D:12:     layout_loops_ring, portal_ice_cave_demonic_guard, serial_rivers,
          chequers_serial_rivers_large_b, chequers_serial_rivers_micro_e,
          chequers_serial_rivers_micro_d, chequers_serial_rivers_small_b,
          kennysheep_small_circle, uniq_snorg
Temple:   hellmonk_temple_beads
IceCv:    ice_cave_small_necro

Skill      XL: |  1  2  3  4  5  6  7  8  9 10 11 12 |
---------------+-------------------------------------+-----
Stealth        | 5 6 7 8 10 11 12 13 | 13.9
Dodging        | 3 4 5 6 7 8 9 11 | 11.6
Spellcasting   | 3 4 6 7 8 |  8.1
Hexes          | 4 5 6 7 8 9 |  9.3
Short Blades   | 2 3 4 6 8 9 |  9.9
Ice Magic      | 1 |  1.0
Fighting       | 1 2 3 4 5 6 |  6.4
Conjurations   | 1 2 3 4 |  4.5

Action                     |  1- 3 |  4- 6 |  7- 9 | 10-12 || total
---------------------------+-------+-------+-------+-------++-------
  Melee: Dagger            |   127 |   112 |   308 |   422 ||   969
         Punch             |     1 |     1 |     5 |     6 ||    13
         Headbutt          |       |       |       |    19 ||    19
   Cast: Ensorcelled Hiber |    14 |    55 |    72 |   147 ||   288
         Dazzling Flash    |       |       |     7 |     3 ||    10
         Confusing Touch   |       |       |     1 |       ||     1
         Tukima's Dance    |       |       |    16 |    24 ||    40
  Evoke: Wand              |       |       |     2 |     6 ||     8
    Use: Scroll            |     5 |     2 |     6 |     8 ||    21
         Potion            |     1 |     1 |     3 |     4 ||     9
   Stab: Sleeping          |    23 |    42 |    40 |   110 ||   215
         Invisible         |     6 |       |       |     1 ||     7
         Distracted        |       |     1 |     2 |     3 ||     6
 Armour: Robe              |    24 |    42 |   109 |    96 ||   271
  Dodge: Dodged            |    82 |   107 |   316 |   366 ||   871
